 Dungeon Crawl Stone Soup version 0.31.0-12-g77e489cdc1 (webtiles) character file.

Game seed: 4937238352422534292

30 sking99 the Digger (level 3, -4/20 HPs)
             Began as a Gargoyle Earth Elementalist on Feb 20, 2024.
             Killed from afar by Jessica (10 damage)
             ... with a puff of flame
             ... on level 2 of the Dungeon.
             The game lasted 00:02:31 (1406 turns).

sking99 the Digger (Gargoyle Earth Elementalist)    Turns: 1406, Time: 00:02:32

Health: -4/20      AC:  5    Str: 13    XL:     3   Next: 20%
Magic:  2/6        EV: 11    Int: 15    God:
Gold:   48         SH:  0    Dex: 10    Spells: 5/6 levels left

rFire   . . .        g - +1 dagger (drain)
rCold   . . .        (no shield)
rNeg    + . .        a - +0 robe
rPois   ∞            (no helmet)
rElec   +            (no cloak)
rCorr   .            (no gloves)
SInv    .            (no boots)
Will    .....        (no amulet)
Stlth   ++           (no ring)
HPRegen 0.23/turn    (no ring)
MPRegen 0.10/turn

%: no passive effects
@: very slightly contaminated
A: sickness immunity, AC +3, negative energy resistance 1, electricity
resistance, torment resistance 1, petrification resistance
a: no special abilities


You were on level 2 of the Dungeon.
You visited 1 branch of the dungeon, and saw 2 of its levels.

You collected 48 gold pieces.

Inventory:

Hand Weapons
 g - a +1 dagger of draining (weapon)
Armour
 a - a +0 robe (worn)
Jewellery
 d - a +4 ring of slaying
Scrolls
 c - 2 scrolls of teleportation {unknown}
 f - 2 scrolls of brand weapon {unknown}
 j - a scroll of identify {unknown}
Potions
 b - a potion of magic
 e - a potion of lignification {unknown}
 h - a potion of curing {unknown}
 i - a potion of resistance {unknown}


   Skills:
 + Level 1.1 Fighting
 - Level 1.5 Dodging
 + Level 2.7 Stealth
 - Level 2.0 Spellcasting
 + Level 1.7 Conjurations
 * Level 4.2 Earth Magic


You had 5 spell levels left.
You knew the following spells:

 Your Spells              Type           Power      Damage    Failure   Level
a - Sandblast             Erth           28%        2d8       3%          1

Your spell library contained the following spells:

 Spells                   Type           Power      Damage    Failure   Level
 Passwall                 Erth           14%        N/A       12%         3
 Stone Arrow              Conj/Erth      20%        3d8       19%         3
 Brom's Barrelling Bould  Conj/Erth      10%        2d3       54%         4
 Petrify                  Alch/Erth      7%         N/A       67%         4


Dungeon Overview and Level Annotations

Branches:
Dungeon (2/15)

Altars:
Okawaru

Annotations:
D:2 Jessica


Innate Abilities, Weirdness & Mutations

You are immune to sickness and miasma.
Your stone body is resilient. (AC +3)
You are immune to poison.
You resist negative energy. (rN+)
You are resistant to electric shocks. (rElec)
You are resistant to unholy torment.
You are immune to petrification.


Message History

Press: ? - help, Shift-Dir - straight line, f/p - Jessica
Aim: Jessica, wielding a +0 dagger, wearing a +2 robe of positive energy and carrying a wand of flame (moderately wounded, fast, 82% to hit)
The blast of sand misses Jessica.
Jessica gestures wildly while chanting.
Jessica blinks!
You start resting.
Jessica is nearby!
Casting: Sandblast (safe; 3% risk of failure)
Confirm with . or Enter, or press ? or * to list all spells.
Aiming: Sandblast (safe; 3% risk of failure)
Press: ? - help, Shift-Dir - straight line, f/p - Jessica
Aim: Jessica, wielding a +0 dagger, wearing a +2 robe of positive energy and carrying a wand of flame (moderately wounded, fast, 82% to hit)
The blast of sand misses Jessica.
Jessica mumbles something strange.
Jessica points at you and mumbles some strange words.
Pain shoots through your body!
Casting: Sandblast (safe; 3% risk of failure)
Confirm with . or Enter, or press ? or * to list all spells.
Aiming: Sandblast (safe; 3% risk of failure)
Press: ? - help, Shift-Dir - straight line, f/p - Jessica
Aim: Jessica, wielding a +0 dagger, wearing a +2 robe of positive energy and carrying a wand of flame (moderately wounded, fast, 82% to hit)
You miscast Sandblast.
You are very lightly contaminated with residual magic.
Nothing appears to happen.
Jessica hits you with a +0 dagger.
Jessica zaps a wand.
The puff of flame hits you.
* * * LOW HITPOINT WARNING * * *
Casting: Sandblast (safe; 3% risk of failure)
Confirm with . or Enter, or press ? or * to list all spells.
Aiming: Sandblast (safe; 3% risk of failure)
Press: ? - help, Shift-Dir - straight line, f/p - Jessica
Aim: Jessica, wielding a +0 dagger, wearing a +2 robe of positive energy and carrying a wand of flame (moderately wounded, fast, 82% to hit)
The blast of sand misses Jessica.
Jessica gestures wildly while chanting.
Jessica blinks!
Jessica zaps a wand.
The puff of flame misses you.
Level annotation: Jessica Welcome back, sking99 the Gargoyle Earth Elementalist.
Press ? for a list of commands and other information.
Jessica zaps a wand.
The puff of flame hits you!
Ouch! That really hurt!
You die...

#####... .... #.....##
###.##.##.#..... #
.##.##.......... ##.####
.##.####........
.......#.##.#...........
......$.....#+#......###
......#§###..........'..
....§ +@...@.........###
.... ####.........#....
... ##...####.##### ##
###.#.## #.####
##...#..###....#
..........####.##
...#.######.####... ##
#. ####........ ..
#.....###...


You could see Jessica (fast).

Vanquished Creatures
  3 dart slugs (D:1)
  3 endoplasms
  A goblin (D:1)
  3 hobgoblins
  A kobold (D:2)
  2 quokkas (D:2)
  3 ball pythons
  5 bats
  2 frilled lizards
23 creatures vanquished.

Notes
Turn   | Place    | Note
-------+----------+-------------------------------------------
     0 | D:1      | sking99 the Gargoyle Earth Elementalist began the quest for
                  | the Orb.
     0 | D:1      | Reached XP level 1. HP: 10/10 MP: 3/3
   277 | D:1      | Reached XP level 2. HP: 7/16 MP: 1/5
   350 | D:1      | Found a faded altar of an unknown god.
   363 | D:1      | Reached skill level 4 in Earth Magic
  1043 | D:2      | Reached skill level 1 in Fighting
  1080 | D:2      | Reached XP level 3. HP: 20/20 MP: 2/6
  1293 | D:2      | Found an iron altar of Okawaru.
  1395 | D:2      | Noticed Jessica
  1406 | D:2      | Killed from afar by Jessica

Illustrated notes

Levels and vault maps discovered:
D:1:      onia_arrival_mini_spirals, layout_basic,
          hellmonk_ecumenical_altar_arch_garden, chequers_jeans,
          minmay_door_square, minmay_pentomino_q2
D:2:      layout_basic, basic_altar, uniq_jessica, uniq_sigmund

Skill      XL: |  1  2 |
---------------+-------+-----
Earth Magic    | 4 |  4.2
Fighting       | 1 |  1.1
Dodging        | |  1.5
Stealth        | |  2.7
Spellcasting   | |  2.0
Conjurations   | |  1.7

Action                     || total
---------------------------++-------
   Cast: Sandblast         ||    39
 Armour: Robe              ||    16
  Dodge: Dodged            ||     6
